Workbook

Sheet July
A1: Cathedraticum Estimate - July
A3: Description | B3: Account Number | C3: Year-To-Date
A4: Total Operating Income | F4: Blue shaded cells need amounts entered into them
A6: Subsidy from Religious Order | B6: 4280 | F6: Other cells are calculated.
A7: Special Fund Raising for Schools | B7: 4155
A8: Pastorate Support Income | B8: 4285
A9: Cemetery Income | B9: 4350
A10: Poor Box Income | B10: 4360
A11: Archdiocesan Collections | B11: 4375
A13: Special Collections for Charitable Purposes | B13: 4380
A14: Special Charitable Funds Expended | B14: 5380 | D14: =IF(C14>C13,C13,C14) -> 0
A16: Rental Property Expense | B16: 5310
A17: Rental Property Income | B17: 4310 | D17: =IF(C17>C16,C16,C17) -> 0
A19: Votive Light Expense | B19: 5320
A20: Votive Light Income | B20: 4320 | D20: =IF(C20>C19,C19,C20) -> 0
A22: Pamphlets, Books, Bulletin Expense | B22: 5330
A23: Pamphlets, Books, Bulletin Income | B23: 4330 | D23: =IF(C23>C22,C22,C23) -> 0
A25: Catholic Review Expense | B25: 5340
A27: Benefit Expense | B27: 5370
A28: Benefit Income | B28: 4370 | D28: =IF(C28>C27,C27,C28) -> 0
A30: Daycare/Pre-school Expense | B30: 5385
A31: Daycare/Pre-school Income | B31: 4385 | D31: =IF(C31>C30,C30,C31) -> 0
A33: Evangelization, Catechesis and Other Program Expense | B33: 5712-5790
A34: Evangelization, Catechesis and Other Program Income | B34: 4511-4690 | D34: =IF(C34>C33,C33,C34) -> 0
A36: Total Exemptions and Deductions | D36: =SUM(D6:D34) -> 0
A38: Taxable Income | D38: =+D4-D36 -> 0
A43: Cathedraticum Tax Calculation (July Only) | D43: Income | E43: Tax Rate | F43: Tax
A45: First $16,667 of Taxable Income ($50,000 quarterly) | D45: =IF($D$38>16667,16667,D38) -> 0 | E45: 0.07 | F45: =D45*E45 -> 0
A46: Additional $8,333 of Taxable Income ($25,000 quarterly) | D46: =IF($D$38-D45>8333,8333,(IF(D38-16667>0,D38-16667,0))) -> 0 | E46: 0.155 | F46: =D46*E46 -> 0 | H46: Total of Taxable income less first $16,667
A47: Additional $16,667 of Taxable Income ($50,000 quarterly) | D47: =IF($D$38-(D46+D45)>16667,16667,(IF($D$38-25000>0,$D$38-25000,0))) -> 0 | E47: 0.165 | F47: =D47*E47 -> 0 | H47: Total of Taxable income less first $25,000
A48: Taxable Income Over $41,667 ($125,000 Quarterly) | D48: =IF(D38>41667,D38-41667,0) -> 0 | E48: 0.17 | F48: =D48*E48 -> 0 | H48: Total of Taxable income less first $41,667
A50: Total | F50: =SUM(F45:F48) -> 0

Sheet August
A1: Cathedraticum Estimate - August YTD
A3: Description | B3: Account Number | C3: Year-To-Date
A4: Total Operating Income | F4: Blue shaded cells need amounts entered into them
A6: Subsidy from Religious Order | B6: 4280 | F6: Other cells are calculated.
A7: Special Fund Raising for Schools | B7: 4155
A8: Pastorate Support Income | B8: 4285
A9: Cemetery Income | B9: 4350
A10: Poor Box Income | B10: 4360
A11: Archdiocesan Collections | B11: 4375
A13: Special Collections for Charitable Purposes | B13: 4380
A14: Special Charitable Funds Expended | B14: 5380 | D14: =IF(C14>C13,C13,C14) -> 0
A16: Rental Property Expense | B16: 5310
A17: Rental Property Income | B17: 4310 | D17: =IF(C17>C16,C16,C17) -> 0
A19: Votive Light Expense | B19: 5320
A20: Votive Light Income | B20: 4320 | D20: =IF(C20>C19,C19,C20) -> 0
A22: Pamphlets, Books, Bulletin Expense | B22: 5330
A23: Pamphlets, Books, Bulletin Income | B23: 4330 | D23: =IF(C23>C22,C22,C23) -> 0
A25: Catholic Review Expense | B25: 5340
A27: Benefit Expense | B27: 5370
A28: Benefit Income | B28: 4370 | D28: =IF(C28>C27,C27,C28) -> 0
A30: Daycare/Pre-school Expense | B30: 5385
A31: Daycare/Pre-school Income | B31: 4385 | D31: =IF(C31>C30,C30,C31) -> 0
A33: Evangelization, Catechesis and Other Program Expense | B33: 5712-5790
A34: Evangelization, Catechesis and Other Program Income | B34: 4511-4690 | D34: =IF(C34>C33,C33,C34) -> 0
A36: Total Exemptions and Deductions | D36: =SUM(D6:D34) -> 0
A38: Taxable Income | D38: =+D4-D36 -> 0
A43: Cathedraticum Tax Calculation (August Only) | D43: Income | E43: Tax Rate | F43: Tax
A45: First $33,334 of Taxable Income ($50,000 quarterly) | D45: =IF($D$38>33334,33334,D38) -> 0 | E45: 0.07 | F45: =D45*E45 -> 0
A46: Additional $16,666 of Taxable Income ($25,000 quarterly) | D46: =IF($D$38-D45>16666,16666,(IF(D38-33334>0,D38-33334,0))) -> 0 | E46: 0.155 | F46: =D46*E46 -> 0 | H46: Total of Taxable income less first $33,334
A47: Additional $33,334 of Taxable Income ($50,000 quarterly) | D47: =IF($D$38-(D46+D45)>33334,33334,(IF($D$38-50000>0,$D$38-50000,0))) -> 0 | E47: 0.165 | F47: =D47*E47 -> 0 | H47: Total of Taxable income less first $50,000
A48: Taxable Income Over $83,334 ($125,000 Quarterly) | D48: =IF(D38>83334,D38-83334,0) -> 0 | E48: 0.17 | F48: =D48*E48 -> 0 | H48: Total of Taxable income less first $83,334
A50: Total | F50: =SUM(F45:F48) -> 0
E52: Amount previously paid/expensed | F52: =+July!F50 -> 0
E54: Current expense/Amount Due | F54: =+F50-F52 -> 0

Sheet Q1
A1: First Quarter (July through September) Cathedraticum Estimate
A3: Description | B3: Account Number | C3: Year-To-Date
A4: Total Operating Income | F4: Blue shaded cells need amounts entered into them
A6: Subsidy from Religious Order | B6: 4280 | F6: Other cells are calculated.
A7: Special Fund Raising for Schools | B7: 4155
A8: Pastorate Support Income | B8: 4285
A9: Cemetery Income | B9: 4350
A10: Poor Box Income | B10: 4360
A11: Archdiocesan Collections | B11: 4375
A13: Special Collections for Charitable Purposes | B13: 4380
A14: Special Charitable Funds Expended | B14: 5380 | D14: =IF(C14>C13,C13,C14) -> 0
A16: Rental Property Expense | B16: 5310
A17: Rental Property Income | B17: 4310 | D17: =IF(C17>C16,C16,C17) -> 0
A19: Votive Light Expense | B19: 5320
A20: Votive Light Income | B20: 4320 | D20: =IF(C20>C19,C19,C20) -> 0
A22: Pamphlets, Books, Bulletin Expense | B22: 5330
A23: Pamphlets, Books, Bulletin Income | B23: 4330 | D23: =IF(C23>C22,C22,C23) -> 0
A25: Catholic Review Expense | B25: 5340
A27: Benefit Expense | B27: 5370
A28: Benefit Income | B28: 4370 | D28: =IF(C28>C27,C27,C28) -> 0
A30: Daycare/Pre-school Expense | B30: 5385
A31: Daycare/Pre-school Income | B31: 4385 | D31: =IF(C31>C30,C30,C31) -> 0
A33: Evangelization, Catechesis and Other Program Expense | B33: 5712-5790
A34: Evangelization, Catechesis and Other Program Income | B34: 4511-4690 | D34: =IF(C34>C33,C33,C34) -> 0
A36: Total Exemptions and Deductions | D36: =SUM(D6:D34) -> 0
A38: Taxable Income | D38: =+D4-D36 -> 0
A43: Cathedraticum Tax Calculation FOR 1ST QUARTER ONLY | D43: Income | E43: Tax Rate | F43: Tax
A45: First $50,000 of Taxable Income ($50,000 quarterly) | D45: =IF($D$38>50000,50000,D38) -> 0 | E45: 0.07 | F45: =D45*E45 -> 0
A46: Additional $25,000 of Taxable Income ($25,000 quarterly) | D46: =IF($D$38-D45>25000,25000,(IF(D38-50000>0,D38-50000,0))) -> 0 | E46: 0.155 | F46: =D46*E46 -> 0 | H46: Total of Taxable income less first $50,000
A47: Additional $50,000 of Taxable Income ($50,000 quarterly) | D47: =IF($D$38-(D46+D45)>50000,50000,(IF($D$38-75000>0,$D$38-75000,0))) -> 0 | E47: 0.165 | F47: =D47*E47 -> 0 | H47: Total of Taxable income less first $75,000
A48: Taxable Income Over $125,000 ($125,000 Quarterly) | D48: =IF(D38>125000,D38-125000,0) -> 0 | E48: 0.17 | F48: =D48*E48 -> 0 | H48: Total of Taxable income less first $125,000
A50: Total | F50: =SUM(F45:F48) -> 0
E52: Amount previously paid/expensed | F52: =+August!F50 -> 0
E54: Current expense/Amount Due | F54: =+F50-F52 -> 0

Sheet October
A1: Cathedraticum Estimate - October YTD
A3: Description | B3: Account Number | C3: Year-To-Date
A4: Total Operating Income | F4: Blue shaded cells need amounts entered into them
A6: Subsidy from Religious Order | B6: 4280 | F6: Other cells are calculated.
A7: Special Fund Raising for Schools | B7: 4155
A8: Pastorate Support Income | B8: 4285
A9: Cemetery Income | B9: 4350
A10: Poor Box Income | B10: 4360
A11: Archdiocesan Collections | B11: 4375
A13: Special Collections for Charitable Purposes | B13: 4380
A14: Special Charitable Funds Expended | B14: 5380 | D14: =IF(C14>C13,C13,C14) -> 0
A16: Rental Property Expense | B16: 5310
A17: Rental Property Income | B17: 4310 | D17: =IF(C17>C16,C16,C17) -> 0
A19: Votive Light Expense | B19: 5320
A20: Votive Light Income | B20: 4320 | D20: =IF(C20>C19,C19,C20) -> 0
A22: Pamphlets, Books, Bulletin Expense | B22: 5330
A23: Pamphlets, Books, Bulletin Income | B23: 4330 | D23: =IF(C23>C22,C22,C23) -> 0
A25: Catholic Review Expense | B25: 5340 | D25: 0
A27: Benefit Expense | B27: 5370
A28: Benefit Income | B28: 4370 | D28: =IF(C28>C27,C27,C28) -> 0
A30: Daycare/Pre-school Expense | B30: 5385
A31: Daycare/Pre-school Income | B31: 4385 | D31: =IF(C31>C30,C30,C31) -> 0
A33: Evangelization, Catechesis and Other Program Expense | B33: 5712-5790
A34: Evangelization, Catechesis and Other Program Income | B34: 4511-4690 | D34: =IF(C34>C33,C33,C34) -> 0
A36: Total Exemptions and Deductions | D36: =SUM(D6:D34) -> 0
A38: Taxable Income | D38: =+D4-D36 -> 0
A43: Cathedraticum Tax Calculation FOR October ONLY | D43: Income | E43: Tax Rate | F43: Tax
A45: First $66,667 of Taxable Income ($50,000 quarterly + $16,667 monthly) | D45: =IF($D$38>66667,66667,D38) -> 0 | E45: 0.07 | F45: =D45*E45 -> 0
A46: Additional $33,333 of Taxable Income ($25,000 quarterly + $8,333 monthly) | D46: =IF($D$38-D45>33333,33333,(IF(D38-66667>0,D38-66667,0))) -> 0 | E46: 0.155 | F46: =D46*E46 -> 0
A47: Additional $66,667 of Taxable Income ($50,000 quarterly + $16,667 monthly) | D47: =IF($D$38-(D46+D45)>66667,66667,(IF($D$38-100000>0,$D$38-100000,0))) -> 0 | E47: 0.165 | F47: =D47*E47 -> 0
A48: Taxable Income Over $166,667 ($125,000 Quarterly + $41,667 monthly) | D48: =IF(D38>166667,D38-166667,0) -> 0 | E48: 0.17 | F48: =D48*E48 -> 0
A50: Total | F50: =SUM(F45:F48) -> 0
E52: Amount previously paid/expensed | F52: =+August!F50 -> 0
E54: Current expense/Amount Due | F54: =+F50-F52 -> 0

Sheet November
A1: Cathedraticum Estimate - November YTD
A3: Description | B3: Account Number | C3: Year-To-Date
A4: Total Operating Income | F4: Blue shaded cells need amounts entered into them
A6: Subsidy from Religious Order | B6: 4280 | F6: Other cells are calculated.
A7: Special Fund Raising for Schools | B7: 4155
A8: Pastorate Support Income | B8: 4285
A9: Cemetery Income | B9: 4350
A10: Poor Box Income | B10: 4360
A11: Archdiocesan Collections | B11: 4375
A13: Special Collections for Charitable Purposes | B13: 4380
A14: Special Charitable Funds Expended | B14: 5380 | D14: =IF(C14>C13,C13,C14) -> 0
A16: Rental Property Expense | B16: 5310
A17: Rental Property Income | B17: 4310 | D17: =IF(C17>C16,C16,C17) -> 0
A19: Votive Light Expense | B19: 5320
A20: Votive Light Income | B20: 4320 | D20: =IF(C20>C19,C19,C20) -> 0
A22: Pamphlets, Books, Bulletin Expense | B22: 5330
A23: Pamphlets, Books, Bulletin Income | B23: 4330 | D23: =IF(C23>C22,C22,C23) -> 0
A25: Catholic Review Expense | B25: 5340 | D25: 0
A27: Benefit Expense | B27: 5370
A28: Benefit Income | B28: 4370 | D28: =IF(C28>C27,C27,C28) -> 0
A30: Daycare/Pre-school Expense | B30: 5385
A31: Daycare/Pre-school Income | B31: 4385 | D31: =IF(C31>C30,C30,C31) -> 0
A33: Evangelization, Catechesis and Other Program Expense | B33: 5712-5790
A34: Evangelization, Catechesis and Other Program Income | B34: 4511-4690 | D34: =IF(C34>C33,C33,C34) -> 0
A36: Total Exemptions and Deductions | D36: =SUM(D6:D34) -> 0
A38: Taxable Income | D38: =+D4-D36 -> 0
A43: Cathedraticum Tax Calculation FOR November ONLY | D43: Income | E43: Tax Rate | F43: Tax
A45: First $83,334 of Taxable Income ($50,000 quarterly + $16,667 monthly) | D45: =IF($D$38>83334,83334,D38) -> 0 | E45: 0.07 | F45: =D45*E45 -> 0
A46: Additional $41,666 of Taxable Income ($25,000 quarterly + $8,333 monthly) | D46: =IF($D$38-D45>41666,41666,(IF(D38-83334>0,D38-83334,0))) -> 0 | E46: 0.155 | F46: =D46*E46 -> 0
A47: Additional $83,334 of Taxable Income ($50,000 quarterly + $16,667 monthly) | D47: =IF($D$38-(D46+D45)>83334,83334,(IF($D$38-125000>0,$D$38-125000,0))) -> 0 | E47: 0.165 | F47: =D47*E47 -> 0
A48: Taxable Income Over $208,334 ($125,000 Quarterly + $41,667 monthly) | D48: =IF(D38>208334,D38-208334,0) -> 0 | E48: 0.17 | F48: =D48*E48 -> 0
A50: Total | F50: =SUM(F45:F48) -> 0
E52: Amount previously paid/expensed | F52: =+October!F50 -> 0
E54: Current expense/Amount Due | F54: =+F50-F52 -> 0

Sheet Q2
A1: Second Quarter (July through December) Cathedraticum Estimate
A3: Description | B3: Account Number | C3: Year-To-Date
A4: Total Operating Income | D4: 0 | F4: Blue shaded cells need amounts entered into them
A6: Subsidy from Religious Order | B6: 4280 | D6: 0 | F6: Other cells are calculated.
A7: Special Fund Raising for Schools | B7: 4155 | D7: 0
A8: Pastorate Support Income | B8: 4285 | D8: 0
A9: Cemetery Income | B9: 4350 | D9: 0
A10: Poor Box Income | B10: 4360 | D10: 0
A11: Archdiocesan Collections | B11: 4375 | D11: 0
A13: Special Collections for Charitable Purposes | B13: 4380 | C13: 0
A14: Special Charitable Funds Expended | B14: 5380 | C14: 0 | D14: =IF(C14>C13,C13,C14) -> 0
A16: Rental Property Expense | B16: 5310 | C16: 0
A17: Rental Property Income | B17: 4310 | C17: 0 | D17: =IF(C17>C16,C16,C17) -> 0
A19: Votive Light Expense | B19: 5320 | C19: 0
A20: Votive Light Income | B20: 4320 | C20: 0 | D20: =IF(C20>C19,C19,C20) -> 0
A22: Pamphlets, Books, Bulletin Expense | B22: 5330 | C22: 0
A23: Pamphlets, Books, Bulletin Income | B23: 4330 | C23: 0 | D23: =IF(C23>C22,C22,C23) -> 0
A25: Catholic Review Expense | B25: 5340 | D25: 0
A27: Benefit Expense | B27: 5370 | C27: 0
A28: Benefit Income | B28: 4370 | C28: 0 | D28: =IF(C28>C27,C27,C28) -> 0
A30: Daycare/Pre-school Expense | B30: 5385 | C30: 0
A31: Daycare/Pre-school Income | B31: 4385 | C31: 0 | D31: =IF(C31>C30,C30,C31) -> 0
A33: Evangelization, Catechesis and Other Program Expense | B33: 5712-5790 | C33: 0
A34: Evangelization, Catechesis and Other Program Income | B34: 4511-4690 | C34: 0 | D34: =IF(C34>C33,C33,C34) -> 0
A36: Total Exemptions and Deductions | D36: =SUM(D6:D34) -> 0
A38: Taxable Income | D38: =+D4-D36 -> 0
A43: Cathedraticum Tax Calculation FOR 2nd QUARTER ONLY | D43: Income | E43: Tax Rate | F43: Tax
A45: First $100,000 of Taxable Income ($50,000 quarterly) | D45: =IF($D$38>100000,100000,D38) -> 0 | E45: 0.07 | F45: =D45*E45 -> 0
A46: Additional $50,000 of Taxable Income ($25,000 quarterly) | D46: =IF($D$38-D45>50000,50000,(IF(D38-100000>0,D38-100000,0))) -> 0 | E46: 0.155 | F46: =D46*E46 -> 0 | H46: Total of Taxable income less first $100,000
A47: Additional $100,000 of Taxable Income ($50,000 quarterly) | D47: =IF($D$38-(D46+D45)>100000,100000,(IF($D$38-150000>0,$D$38-150000,0))) -> 0 | E47: 0.165 | F47: =D47*E47 -> 0 | H47: Total of Taxable income less first $150,000
A48: Taxable Income Over $250,000 ($125,000 Quarterly) | D48: =IF(D38>250000,D38-250000,0) -> 0 | E48: 0.17 | F48: =D48*E48 -> 0 | H48: Total of Taxable income less first $250,000
A50: Total | E50: Year-to-date Total | F50: =SUM(F45:F48) -> 0
E52: Amount previously paid/expensed | F52: =+November!F50 -> 0
E54: Current expense/Amount Due | F54: =+F50-F52 -> 0

Sheet January
A1: Cathedraticum Estimate - January YTD
A3: Description | B3: Account Number | C3: Year-To-Date
A4: Total Operating Income | D4: 0 | F4: Blue shaded cells need amounts entered into them
A6: Subsidy from Religious Order | B6: 4280 | D6: 0 | F6: Other cells are calculated.
A7: Special Fund Raising for Schools | B7: 4155 | D7: 0
A8: Pastorate Support Income | B8: 4285 | D8: 0
A9: Cemetery Income | B9: 4350 | D9: 0
A10: Poor Box Income | B10: 4360 | D10: 0
A11: Archdiocesan Collections | B11: 4375 | D11: 0
A13: Special Collections for Charitable Purposes | B13: 4380 | C13: 0
A14: Special Charitable Funds Expended | B14: 5380 | C14: 0 | D14: =IF(C14>C13,C13,C14) -> 0
A16: Rental Property Expense | B16: 5310 | C16: 0
A17: Rental Property Income | B17: 4310 | C17: 0 | D17: =IF(C17>C16,C16,C17) -> 0
A19: Votive Light Expense | B19: 5320 | C19: 0
A20: Votive Light Income | B20: 4320 | C20: 0 | D20: =IF(C20>C19,C19,C20) -> 0
A22: Pamphlets, Books, Bulletin Expense | B22: 5330 | C22: 0
A23: Pamphlets, Books, Bulletin Income | B23: 4330 | C23: 0 | D23: =IF(C23>C22,C22,C23) -> 0
A25: Catholic Review Expense | B25: 5340 | D25: 0
A27: Benefit Expense | B27: 5370 | C27: 0
A28: Benefit Income | B28: 4370 | C28: 0 | D28: =IF(C28>C27,C27,C28) -> 0
A30: Daycare/Pre-school Expense | B30: 5385 | C30: 0
A31: Daycare/Pre-school Income | B31: 4385 | C31: 0 | D31: =IF(C31>C30,C30,C31) -> 0
A33: Evangelization, Catechesis and Other Program Expense | B33: 5712-5790 | C33: 0
A34: Evangelization, Catechesis and Other Program Income | B34: 4511-4690 | C34: 0 | D34: =IF(C34>C33,C33,C34) -> 0
A36: Total Exemptions and Deductions | D36: =SUM(D6:D34) -> 0
A38: Taxable Income | D38: =+D4-D36 -> 0
A43: Cathedraticum Tax Calculation FOR January ONLY | D43: Income | E43: Tax Rate | F43: Tax
A45: First $116,667 of Taxable Income ($100,000 quarterly+ $16,1667 Monthly) | D45: =IF($D$38>116667,116667,D38) -> 0 | E45: 0.07 | F45: =D45*E45 -> 0
A46: Additional $58,333 of Taxable Income ($50,000 quarterly+ $8,333/month) | D46: =IF($D$38-D45>58333,58333,(IF(D38-116667>0,D38-116667,0))) -> 0 | E46: 0.155 | F46: =D46*E46 -> 0
A47: Additional $116,667 of Taxable Income ($100,000 quarterly+ $16,1667 Monthly) | D47: =IF($D$38-(D46+D45)>116667,116667,(IF($D$38-175000>0,$D$38-175000,0))) -> 0 | E47: 0.165 | F47: =D47*E47 -> 0
A48: Taxable Income Over $291,667 ($125,000 Quarterly) | D48: =IF(D38>291667,D38-291667,0) -> 0 | E48: 0.17 | F48: =D48*E48 -> 0 | H48: Total of Taxable income less first $500,000
A50: Total | E50: Year-to-date Total | F50: =SUM(F45:F48) -> 0
E52: Amount previously paid/expensed | F52: =+'Q2'!F50 -> 0
E54: Current expense/Amount Due | F54: =+F50-F52 -> 0

Sheet February
A1: Cathedraticum Estimate - February YTD
A3: Description | B3: Account Number | C3: Year-To-Date
A4: Total Operating Income | D4: 0 | F4: Blue shaded cells need amounts entered into them
A6: Subsidy from Religious Order | B6: 4280 | D6: 0 | F6: Other cells are calculated.
A7: Special Fund Raising for Schools | B7: 4155 | D7: 0
A8: Pastorate Support Income | B8: 4285 | D8: 0
A9: Cemetery Income | B9: 4350 | D9: 0
A10: Poor Box Income | B10: 4360 | D10: 0
A11: Archdiocesan Collections | B11: 4375 | D11: 0
A13: Special Collections for Charitable Purposes | B13: 4380 | C13: 0
A14: Special Charitable Funds Expended | B14: 5380 | C14: 0 | D14: =IF(C14>C13,C13,C14) -> 0
A16: Rental Property Expense | B16: 5310 | C16: 0
A17: Rental Property Income | B17: 4310 | C17: 0 | D17: =IF(C17>C16,C16,C17) -> 0
A19: Votive Light Expense | B19: 5320 | C19: 0
A20: Votive Light Income | B20: 4320 | C20: 0 | D20: =IF(C20>C19,C19,C20) -> 0
A22: Pamphlets, Books, Bulletin Expense | B22: 5330 | C22: 0
A23: Pamphlets, Books, Bulletin Income | B23: 4330 | C23: 0 | D23: =IF(C23>C22,C22,C23) -> 0
A25: Catholic Review Expense | B25: 5340 | D25: 0
A27: Benefit Expense | B27: 5370 | C27: 0
A28: Benefit Income | B28: 4370 | C28: 0 | D28: =IF(C28>C27,C27,C28) -> 0
A30: Daycare/Pre-school Expense | B30: 5385 | C30: 0
A31: Daycare/Pre-school Income | B31: 4385 | C31: 0 | D31: =IF(C31>C30,C30,C31) -> 0
A33: Evangelization, Catechesis and Other Program Expense | B33: 5712-5790 | C33: 0
A34: Evangelization, Catechesis and Other Program Income | B34: 4511-4690 | C34: 0 | D34: =IF(C34>C33,C33,C34) -> 0
A36: Total Exemptions and Deductions | D36: =SUM(D6:D34) -> 0
A38: Taxable Income | D38: =+D4-D36 -> 0
A43: Cathedraticum Tax Calculation FOR February ONLY | D43: Income | E43: Tax Rate | F43: Tax
A45: First $133,333 of Taxable Income ($100,000 quarterly+ $16,667 Monthly) | D45: =IF($D$38>133333,133333,D38) -> 0 | E45: 0.07 | F45: =D45*E45 -> 0
A46: Additional $66,666 of Taxable Income ($50,000 quarterly+ $8,333/month) | D46: =IF($D$38-D45>66666,66666,(IF(D38-133333>0,D38-133333,0))) -> 0 | E46: 0.155 | F46: =D46*E46 -> 0
A47: Additiional $133,333 of Taxable Income ($100,000 quarterly+ $16,667 Monthly) | D47: =IF($D$38-(D46+D45)>133333,133333,(IF($D$38-200000>0,$D$38-200000,0))) -> 0 | E47: 0.165 | F47: =D47*E47 -> 0
A48: Taxable Income Over $333,332 ($125,000 Quarterly) | D48: =IF(D38>333332,D38-33332,0) -> 0 | E48: 0.17 | F48: =D48*E48 -> 0
A50: Total | E50: Year-to-date Total | F50: =SUM(F45:F48) -> 0
E52: Amount previously paid/expensed | F52: =+January!F50 -> 0
E54: Current expense/Amount Due | F54: =+F50-F52 -> 0

Sheet Q3
A1: Third Quarter (July through March) Cathedraticum Estimate
A3: Description | B3: Account Number | C3: Year-To-Date
A4: Total Operating Income | D4: 0 | F4: Blue shaded cells need amounts entered into them
A6: Subsidy from Religious Order | B6: 4280 | D6: 0 | F6: Other cells are calculated.
A7: Special Fund Raising for Schools | B7: 4155 | D7: 0
A8: Pastorate Support Income | B8: 4285 | D8: 0
A9: Cemetery Income | B9: 4350 | D9: 0
A10: Poor Box Income | B10: 4360 | D10: 0
A11: Archdiocesan Collections | B11: 4375 | D11: 0
A13: Special Collections for Charitable Purposes | B13: 4380 | C13: 0
A14: Special Charitable Funds Expended | B14: 5380 | C14: 0 | D14: =IF(C14>C13,C13,C14) -> 0
A16: Rental Property Expense | B16: 5310 | C16: 0
A17: Rental Property Income | B17: 4310 | C17: 0 | D17: =IF(C17>C16,C16,C17) -> 0
A19: Votive Light Expense | B19: 5320 | C19: 0
A20: Votive Light Income | B20: 4320 | C20: 0 | D20: =IF(C20>C19,C19,C20) -> 0
A22: Pamphlets, Books, Bulletin Expense | B22: 5330 | C22: 0
A23: Pamphlets, Books, Bulletin Income | B23: 4330 | C23: 0 | D23: =IF(C23>C22,C22,C23) -> 0
A25: Catholic Review Expense | B25: 5340 | D25: 0
A27: Benefit Expense | B27: 5370 | C27: 0
A28: Benefit Income | B28: 4370 | C28: 0 | D28: =IF(C28>C27,C27,C28) -> 0
A30: Daycare/Pre-school Expense | B30: 5385 | C30: 0
A31: Daycare/Pre-school Income | B31: 4385 | C31: 0 | D31: =IF(C31>C30,C30,C31) -> 0
A33: Evangelization, Catechesis and Other Program Expense | B33: 5712-5790 | C33: 0
A34: Evangelization, Catechesis and Other Program Income | B34: 4511-4690 | C34: 0 | D34: =IF(C34>C33,C33,C34) -> 0
A36: Total Exemptions and Deductions | D36: =SUM(D6:D34) -> 0
A38: Taxable Income | D38: =+D4-D36 -> 0
A43: Cathedraticum Tax Calculation FOR 3rd QUARTER ONLY | D43: Income | E43: Tax Rate | F43: Tax
A45: First $150,000 of Taxable Income ($50,000 quarterly) | D45: =IF($D$38>150000,150000,D38) -> 0 | E45: 0.07 | F45: =D45*E45 -> 0
A46: Additional $75,000 of Taxable Income ($25,000 quarterly) | D46: =IF($D$38-D45>75000,75000,(IF(D38-150000>0,D38-150000,0))) -> 0 | E46: 0.155 | F46: =D46*E46 -> 0 | H46: Total of Taxable income less first $150,000
A47: Additional $150,000 of Taxable Income ($50,000 quarterly) | D47: =IF($D$38-(D46+D45)>150000,150000,(IF($D$38-225000>0,$D$38-225000,0))) -> 0 | E47: 0.165 | F47: =D47*E47 -> 0 | H47: Total of Taxable income less first $225,000
A48: Taxable Income Over $375,000 ($125,000 Quarterly) | D48: =IF(D38>375000,D38-375000,0) -> 0 | E48: 0.17 | F48: =D48*E48 -> 0 | H48: Total of Taxable income less first $375,000
A50: Total | E50: Year-to-date Total | F50: =SUM(F45:F48) -> 0
E52: Amount previously paid/expensed | F52: =+February!F50 -> 0
E54: Current expense/Amount Due | F54: =+F50-F52 -> 0

Sheet April
A1: Cathedraticum Estimate - April YTD
A3: Description | B3: Account Number | C3: Year-To-Date
A4: Total Operating Income | D4: 0 | F4: Blue shaded cells need amounts entered into them
A6: Subsidy from Religious Order | B6: 4280 | D6: 0 | F6: Other cells are calculated.
A7: Special Fund Raising for Schools | B7: 4155 | D7: 0
A8: Pastorate Support Income | B8: 4285 | D8: 0
A9: Cemetery Income | B9: 4350 | D9: 0
A10: Poor Box Income | B10: 4360 | D10: 0
A11: Archdiocesan Collections | B11: 4375 | D11: 0
A13: Special Collections for Charitable Purposes | B13: 4380 | C13: 0
A14: Special Charitable Funds Expended | B14: 5380 | C14: 0 | D14: =IF(C14>C13,C13,C14) -> 0
A16: Rental Property Expense | B16: 5310 | C16: 0
A17: Rental Property Income | B17: 4310 | C17: 0 | D17: =IF(C17>C16,C16,C17) -> 0
A19: Votive Light Expense | B19: 5320 | C19: 0
A20: Votive Light Income | B20: 4320 | C20: 0 | D20: =IF(C20>C19,C19,C20) -> 0
A22: Pamphlets, Books, Bulletin Expense | B22: 5330 | C22: 0
A23: Pamphlets, Books, Bulletin Income | B23: 4330 | C23: 0 | D23: =IF(C23>C22,C22,C23) -> 0
A25: Catholic Review Expense | B25: 5340 | D25: 0
A27: Benefit Expense | B27: 5370 | C27: 0
A28: Benefit Income | B28: 4370 | C28: 0 | D28: =IF(C28>C27,C27,C28) -> 0
A30: Daycare/Pre-school Expense | B30: 5385 | C30: 0
A31: Daycare/Pre-school Income | B31: 4385 | C31: 0 | D31: =IF(C31>C30,C30,C31) -> 0
A33: Evangelization, Catechesis and Other Program Expense | B33: 5712-5790 | C33: 0
A34: Evangelization, Catechesis and Other Program Income | B34: 4511-4690 | C34: 0 | D34: =IF(C34>C33,C33,C34) -> 0
A36: Total Exemptions and Deductions | D36: =SUM(D6:D34) -> 0
A38: Taxable Income | D38: =+D4-D36 -> 0
A43: Cathedraticum Tax Calculation | D43: Income | E43: Tax Rate | F43: Tax
A45: First $166,667 of Taxable Income ($150,000 quarterly + $16,667 Monthly) | D45: =IF($D$38>166667,166667,D38) -> 0 | E45: 0.07 | F45: =D45*E45 -> 0
A46: Additional $83,333 of Taxable Income ($75,000 quarterly + $8,333/month) | D46: =IF($D$38-D45>83333,83333,(IF(D38-166667>0,D38-166667,0))) -> 0 | E46: 0.155 | F46: =D46*E46 -> 0
A47: Additiional $166,667 of Taxable Income ($150,000 quarterly + $16,667 Monthly) | D47: =IF($D$38-(D46+D45)>166667,166667,(IF($D$38-250000>0,$D$38-250000,0))) -> 0 | E47: 0.165 | F47: =D47*E47 -> 0
A48: Taxable Income Over $416,667 ($375,000 Quarterly + 41,667/ month) | D48: =IF(D38>416667,D38-416667,0) -> 0 | E48: 0.17 | F48: =D48*E48 -> 0
E50: Annual Total | F50: =SUM(F45:F48) -> 0
E52: Amount previously paid/expensed | F52: =+'Q3'!F50 -> 0
E54: Current expense/Amount Due | F54: =+F50-F52 -> 0

Sheet May
A1: Cathedraticum Estimate - May YTD
A3: Description | B3: Account Number | C3: Year-To-Date
A4: Total Operating Income | D4: 0 | F4: Blue shaded cells need amounts entered into them
A6: Subsidy from Religious Order | B6: 4280 | D6: 0 | F6: Other cells are calculated.
A7: Special Fund Raising for Schools | B7: 4155 | D7: 0
A8: Pastorate Support Income | B8: 4285 | D8: 0
A9: Cemetery Income | B9: 4350 | D9: 0
A10: Poor Box Income | B10: 4360 | D10: 0
A11: Archdiocesan Collections | B11: 4375 | D11: 0
A13: Special Collections for Charitable Purposes | B13: 4380 | C13: 0
A14: Special Charitable Funds Expended | B14: 5380 | C14: 0 | D14: =IF(C14>C13,C13,C14) -> 0
A16: Rental Property Expense | B16: 5310 | C16: 0
A17: Rental Property Income | B17: 4310 | C17: 0 | D17: =IF(C17>C16,C16,C17) -> 0
A19: Votive Light Expense | B19: 5320 | C19: 0
A20: Votive Light Income | B20: 4320 | C20: 0 | D20: =IF(C20>C19,C19,C20) -> 0
A22: Pamphlets, Books, Bulletin Expense | B22: 5330 | C22: 0
A23: Pamphlets, Books, Bulletin Income | B23: 4330 | C23: 0 | D23: =IF(C23>C22,C22,C23) -> 0
A25: Catholic Review Expense | B25: 5340 | D25: 0
A27: Benefit Expense | B27: 5370 | C27: 0
A28: Benefit Income | B28: 4370 | C28: 0 | D28: =IF(C28>C27,C27,C28) -> 0
A30: Daycare/Pre-school Expense | B30: 5385 | C30: 0
A31: Daycare/Pre-school Income | B31: 4385 | C31: 0 | D31: =IF(C31>C30,C30,C31) -> 0
A33: Evangelization, Catechesis and Other Program Expense | B33: 5712-5790 | C33: 0
A34: Evangelization, Catechesis and Other Program Income | B34: 4511-4690 | C34: 0 | D34: =IF(C34>C33,C33,C34) -> 0
A36: Total Exemptions and Deductions | D36: =SUM(D6:D34) -> 0
A38: Taxable Income | D38: =+D4-D36 -> 0
A43: Cathedraticum Tax Calculation | D43: Income | E43: Tax Rate | F43: Tax
A45: First $183,334 of Taxable Income ($150,000 quarterly + $16,667 Monthly) | D45: =IF($D$38>183334,183334,D38) -> 0 | E45: 0.07 | F45: =D45*E45 -> 0
A46: Additional $91,666 of Taxable Income ($75,000 quarterly + $8,333/month) | D46: =IF($D$38-D45>91666,91666,(IF(D38-183334>0,D38-183334,0))) -> 0 | E46: 0.155 | F46: =D46*E46 -> 0
A47: Additiional $183,334 of Taxable Income ($150,000 quarterly + $16,667 Monthly) | D47: =IF($D$38-(D46+D45)>183334,183334,(IF($D$38-275000>0,$D$38-275000,0))) -> 0 | E47: 0.165 | F47: =D47*E47 -> 0
A48: Taxable Income Over $458,334 ($375,000 Quarterly + 41,667/ month) | D48: =IF(D38>458334,D38-458334,0) -> 0 | E48: 0.17 | F48: =D48*E48 -> 0
E50: Annual Total | F50: =SUM(F45:F48) -> 0
E52: Amount previously paid/expensed | F52: =+April!F50 -> 0
E54: Current expense/Amount Due | F54: =+F50-F52 -> 0

Sheet Annual Cath
A1: 4th Quarter (July - June) Cathedraticum Estimate
A3: Description | B3: Account Number | C3: Year-To-Date
A4: Total Operating Income | F4: Blue shaded cells need amounts entered into them
A6: Subsidy from Religious Order | B6: 4280 | F6: Other cells are calculated.
A7: Special Fund Raising for Schools | B7: 4155
A8: Pastorate Support Income | B8: 4285
A9: Cemetery Income | B9: 4350
A10: Poor Box Income | B10: 4360
A11: Archdiocesan Collections | B11: 4375
A13: Special Collections for Charitable Purposes | B13: 4380
A14: Special Charitable Funds Expended | B14: 5380 | D14: =IF(C14>C13,C13,C14) -> 0
A16: Rental Property Expense | B16: 5310
A17: Rental Property Income | B17: 4310 | D17: =IF(C17>C16,C16,C17) -> 0
A19: Votive Light Expense | B19: 5320
A20: Votive Light Income | B20: 4320 | D20: =IF(C20>C19,C19,C20) -> 0
A22: Pamphlets, Books, Bulletin Expense | B22: 5330
A23: Pamphlets, Books, Bulletin Income | B23: 4330 | D23: =IF(C23>C22,C22,C23) -> 0
A25: Catholic Review Expense | B25: 5340
A27: Benefit Expense | B27: 5370
A28: Benefit Income | B28: 4370 | D28: =IF(C28>C27,C27,C28) -> 0
A30: Daycare/Pre-school Expense | B30: 5385
A31: Daycare/Pre-school Income | B31: 4385 | D31: =IF(C31>C30,C30,C31) -> 0
A33: Evangelization, Catechesis and Other Program Expense | B33: 5712-5790
A34: Evangelization, Catechesis and Other Program Income | B34: 4511-4690 | D34: =IF(C34>C33,C33,C34) -> 0
A36: Total Exemptions and Deductions | D36: =SUM(D6:D34) -> 0
A38: Taxable Income | D38: =+D4-D36 -> 0
A43: Cathedraticum Tax Calculation | D43: Income | E43: Tax Rate | F43: Tax
A45: First $200,000 of Taxable Income ($50,000 quarterly) | D45: =IF($D$38>200000,200000,D38) -> 0 | E45: 0.07 | F45: =D45*E45 -> 0
A46: Additional $100,000 of Taxable Income ($25,000 quarterly) | D46: =IF($D$38-D45>100000,100000,(IF(D38-200000>0,D38-200000,0))) -> 0 | E46: 0.155 | F46: =D46*E46 -> 0 | H46: Total of Taxable income less first $200,000
A47: Additional $200,000 of Taxable Income ($50,000 quarterly) | D47: =IF($D$38-(D46+D45)>200000,200000,(IF($D$38-300000>0,$D$38-300000,0))) -> 0 | E47: 0.165 | F47: =D47*E47 -> 0 | H47: Total of Taxable income less first $300,000
A48: Taxable Income Over $500,000 ($125,000 Quarterly) | D48: =IF(D38>500000,D38-500000,0) -> 0 | E48: 0.17 | F48: =D48*E48 -> 0 | H48: Total of Taxable income less first $500,000
E50: Annual Total | F50: =SUM(F45:F48) -> 0
E52: Amount previously paid/expensed | F52: =+May!F50 -> 0
E54: Current expense/Amount Due | F54: =+F50-F52 -> 0
